 Dungeon Crawl Stone Soup version 0.22-a0-866-geee5034 (webtiles) character file.

221 poirepourri the Thaumaturge (level 5, -1/28 HPs)
             Began as a Deep Elf Conjurer on July 28, 2018.
             Was a Follower of Vehumet.
             Slain by Sigmund
             ... wielding a +0 scythe
              (13 damage)
             ... on level 3 of the Dungeon.
             The game lasted 00:04:00 (2672 turns).

poirepourri the Thaumaturge (Deep Elf Conjurer)     Turns: 2672, Time: 00:04:01

Health: -1/28      AC:  3    Str:  5    XL:     5   Next: 65%
Magic:  1/17       EV: 18    Int: 21    God:    Vehumet [*.....]
Gold:   161        SH:  0    Dex: 20    Spells: 2/20 levels left

rFire    . . .     SeeInvis .   a - +0 short sword
rCold    . . .     Gourm    .   (no shield)
rNeg     . . .     Faith    .   e - +0 robe
rPois    .         Spirit   .   (no helmet)
rElec    .         Reflect  .   (no cloak)
rCorr    .         Harm     .   d - +0 pair of gloves
MR       .....                  (no boots)
Stlth    +++.......             (no amulet)
HPRegen  0.09/turn              (no ring)
MPRegen  0.15/turn              (no ring)

@: agile
A: no striking features
a: Renounce Religion


You were on level 3 of the Dungeon.
You worshipped Vehumet.
Vehumet was aware of your devotion.
You were not hungry.

You visited 1 branch of the dungeon, and saw 3 of its levels.

You collected 161 gold pieces.

Inventory:

Hand Weapons
 a - a +0 short sword (weapon)
 i - a +2 vampiric short sword
Missiles
 b - 5 tomahawks (quivered)
Armour
 d - a +0 pair of gloves (worn)
 e - a +0 robe (worn)
Scrolls
 k - a scroll of identify
 n - a scroll of teleportation
Potions
 g - a potion of degeneration {unknown}
 h - 2 potions of might
 j - a potion of lignification {unknown}
 m - a potion of agility
Comestibles
 c - 2 rations


   Skills:
 - Level 2.4 Dodging
 - Level 2.4 Stealth
 + Level 8.1 Spellcasting
 - Level 4.3 Conjurations


You had 2 spell levels left.
You knew the following spells:

 Your Spells              Type           Power        Failure   Level  Hunger
a - Magic Dart            Conj           ####         1%          1    None
b - Searing Ray           Conj           ####..       1%          2    None
c - Dazzling Spray        Conj/Hex       ###...       10%         3    None
d - Iskenderun's Mystic   Conj           ####....     13%         4    ###....
e - Force Lance           Conj/Tloc      ###.....     32%         4    ###....
f - Fulminant Prism       Conj/Hex       ###.......   32%         4    ###....

Your spell library contained the following spells:

 Spells                   Type           Power        Failure   Level  Hunger
 Regeneration             Chrm/Necr      #.........   24%         3    None
 Shroud of Golubria       Chrm/Tloc      #.........   12%         2    None
 Infusion                 Chrm           #...         8%          1    None
 Song of Slaying          Chrm           #.......     12%         2    None
 Spectral Weapon          Hex/Chrm       #.......     24%         3    None


Dungeon Overview and Level Annotations

Branches:
Dungeon (3/15)

Altars:
Vehumet

Annotations:
D:3 Sigmund


Message History

Aim: an adder (severely wounded)
The searing ray hits the adder.
You kill the adder!
Vehumet accepts your kill. (Press . to maintain the ray.)
A magic dart appears from out of thin air!
The magic dart hits you! Something hits you!
Without enough magic to sustain it, your searing ray dissipates.
Something hits you!
* * * LOW HITPOINT WARNING * * *
It was a potion of agility.
You feel agile all of a sudden.
You hear some strange, mumbled words.
Something tries to affect you, but you resist.
Okay, then.
Unknown command.
Okay, then.
It was a potion of curing.
You feel better. Something hits you!
You die...

## .. .### ....
#############†#
#..........@..#
#.###########.#
#.#### #.# #....#
######.#
##.####.###......#
.........##.####.#
#........##.# #.#
....####.##.#
##.########
..####...##.#
#..†.......


There were no monsters in sight!

Vanquished Creatures
  Natasha (thrice) (D:2)
  5 gnolls
  2 adders (D:3)
  2 worms (D:3)
  2 dart slugs
  2 leopard geckos
  3 orcs (D:3)
  2 ball pythons (D:1)
  8 bats
  5 giant cockroaches
  6 goblins
  7 hobgoblins
  A quokka (D:3)
  7 frilled lizards
  12 kobolds
  6 rats
73 creatures vanquished.

Notes
Turn   | Place    | Note
-------+----------+-------------------------------------------
     0 | D:1      | poirepourri the Deep Elf Conjurer began the quest for the Orb.
     0 | D:1      | Reached XP level 1. HP: 10/10 MP: 6/6
    96 | D:1      | Reached skill level 4 in Spellcasting
    96 | D:1      | Reached XP level 2. HP: 15/15 MP: 1/9
   222 | D:1      | Learned a level 2 spell: Searing Ray
   510 | D:1      | Reached XP level 3. HP: 19/19 MP: 9/11
   592 | D:1      | Reached skill level 5 in Spellcasting
  1079 | D:2      | Found a radiant altar of Vehumet.
  1100 | D:2      | Became a worshipper of Vehumet
  1207 | D:2      | Learned a level 3 spell: Dazzling Spray
  1294 | D:2      | Noticed Natasha
  1300 | D:2      | Killed Natasha
  1300 | D:2      | Reached skill level 6 in Spellcasting
  1300 | D:2      | Reached XP level 4. HP: 18/24 MP: 4/14
  1372 | D:2      | Learned a level 4 spell: Iskenderun's Mystic Blast
  1377 | D:2      | Learned a level 4 spell: Force Lance
  1420 | D:2      | Found a faded altar of an unknown god.
  1503 | D:2      | Noticed Natasha
  1508 | D:2      | Killed Natasha
  1616 | D:2      | Noticed Natasha
  1621 | D:2      | Killed Natasha
  1621 | D:2      | Reached skill level 7 in Spellcasting
  1842 | D:3      | Reached XP level 5. HP: 28/28 MP: 11/16
  2242 | D:3      | Reached * piety under Vehumet
  2242 | D:3      | Offered knowledge of Sting by Vehumet.
  2248 | D:3      | Learned a level 4 spell: Fulminant Prism
  2640 | D:3      | Reached skill level 8 in Spellcasting
  2659 | D:3      | Noticed Sigmund
  2672 | D:3      | Slain by Sigmund

Vault maps used:
D:1:      dpeg_arrival_rooms_b, minmay_misc_feat_alley
D:2:      lemuel_crystal_altar, first_ration, chequers_ecumenical_altar_twisty,
          uniq_natasha
D:3:      minmay_strange_pillars, minmay_misc_feat_x, uniq_sigmund

Skill      XL: |  1  2  3  4  5 |
---------------+----------------+-----
Spellcasting   | 4 6 7 8 |  8.1
Dodging        | |  2.4
Stealth        | |  2.4
Conjurations   | |  4.3

Action                   |  1- 3 |  4- 6 || total
-------------------------+-------+-------++-------
Melee: Short sword       |       |     1 ||     1
 Cast: Magic Dart        |    58 |    16 ||    74
       Searing Ray       |     5 |    20 ||    25
       Iskenderun's Myst |       |     2 ||     2
  Use: Scroll            |     2 |     5 ||     7
       Potion            |       |     2 ||     2
  Eat: Ration            |     1 |     1 ||     2
Armor: Robe              |       |     1 ||     1
Dodge: Dodged            |    13 |     9 ||    22

Table legend:
 A = Spawn XP
 B = Non-spawn XP
 C = Spawn XP percentage of total XP
 D = Spawn monster count
 E = Non-spawn monster count
 F = Spawn count percentage of total count
 G = Total turns spent on level
                    A         B        C        D         E        F      G
               +---------+---------+-------+---------+---------+-------+---------
         Total |       0 |     317 |   0.0 |       0 |      73 |   0.0 |  2672
               +---------+---------+-------+---------+---------+-------+---------
           D:1 |       0 |      60 |   0.0 |       0 |      30 |   0.0 |   932
           D:2 |       0 |     132 |   0.0 |       0 |      17 |   0.0 |   903
           D:3 |       0 |     125 |   0.0 |       0 |      26 |   0.0 |   837
               +---------+---------+-------+---------+---------+-------+---------
